 Dungeon Crawl Stone Soup version 0.29-a0-732-g3d7fbe0af2 (webtiles) character file.

Game seed: 16517330487208763856

4 buhh the Insei (level 2, -4/23 HPs)
             Began as a Meteoran Transmuter on June 29, 2022.
             Slain by a hobgoblin (5 damage)
             ... on level 1 of the Dungeon.
             The game lasted 00:00:17 (44 turns).

buhh the Insei (Meteoran Transmuter)                  Turns: 44, Time: 00:00:18

Health: -4/23      AC:  2    Str: 11    XL:     2   Next: 0%
Magic:  4/6        EV: 12    Int: 14    God:
Gold:   0          SH:  0    Dex: 14    Spells: 5/6 levels left

rFire   . . .      SeeInvis .     - Unarmed
rCold   . . .      Faith    .   (no shield)
rNeg    . . .      Spirit   .   a - +0 robe
rPois   .          Reflect  .   (helmet currently unavailable)
rElec   .          Harm     .   (no cloak)
rCorr   .          Rampage  .   (no gloves)
Will    .....                   (boots currently unavailable)
Stlth   +.........              (no amulet)
HPRegen 0.07/turn               (no ring)
MPRegen 0.10/turn               (no ring)

@: appendages (expiring), glowing
A: horns 2, talons 2, sense surroundings 1, otherworldly, glowing, explore regen
a: End Transformation


You were on level 1 of the Dungeon.
You had temporarily grown beastly horns and talons.
You visited 1 branch of the dungeon, and saw 1 of its levels.

Inventory:

Armour
 a - a +0 robe (worn)
Potions
 l - a potion of lignification {!d}


   Skills:
 + Level 1.5 Fighting
 - Level 2.4 Dodging
 + Level 3.8 Unarmed Combat
 - Level 2.6 Spellcasting
 - Level 2.4 Transmutations


You had 5 spell levels left.
You knew the following spells:

 Your Spells              Type           Power      Damage    Failure   Level
a - Beastly Appendage     Tmut           16%        N/A       9%          1

Your spell library contained the following spells:

 Spells                   Type           Power      Damage    Failure   Level
 Wereblood                Tmut           8%         N/A       12%         2
 Spider Form              Tmut/Pois      5%         N/A       38%         3
 Ice Form                 Ice/Tmut       5%         N/A       80%         4


Dungeon Overview and Level Annotations

Branches:
Dungeon (1/15) Zot: 556

Altars:


Innate Abilities, Weirdness & Mutations

You have temporarily grown beastly horns and talons.
You passively map a small area around you.
You are easily found by Zot.
You glow in the dark.
You regain HP and MP as you explore.


Message History

Your magical contamination has completely faded away.
You hit the bat.
The bat is moderately wounded.
The bat closely misses you. The rat bites you.
You hit the bat but do no damage.
The bat is moderately wounded.
The bat hits you. The rat bites you.
The hobgoblin hits you but does no damage.
You barely miss the hobgoblin. The bat closely misses you. The rat bites you.
The hobgoblin hits you. The hobgoblin attacks as you move away!
The hobgoblin barely misses you. The bat closely misses you.
The bat hits you but does no damage. The bat attacks as you move away!
The bat hits you but does no damage. The rat attacks as you move away!
The rat barely misses you. The bat barely misses you.
You are too injured to fight recklessly!
You are too injured to fight recklessly!
You are too injured to fight recklessly!
You closely miss the bat. The bat closely misses you. The rat bites you.
You closely miss the bat. The bat hits you but does no damage.
The rat bites you.
Casting: Beastly Appendage (safe; 9% risk of failure)
Press: ? - help, Q - select action Dir - look around, f - activate You grow a pair of large bovine horns.
Your feet morph into talons.
The bat barely misses you. The rat bites you but does no damage.
You barely miss the rat. You claw the rat.
You kill the rat!
The bat barely misses you.
You barely miss the hobgoblin. The bat hits you but does no damage.
The bat misses you. The hobgoblin hits you.
* * * LOW HITPOINT WARNING * * *
You hit the bat.
You kill the bat!
The hobgoblin hits you.
* * * LOW HITPOINT WARNING * * *
You have reached level 2!
You barely miss the hobgoblin.
Your transformation is almost over.
The hobgoblin hits you.
You die...

* #. #.......# , #.
#.......# * * #[
#.......# .. #.......#
* * #. #........ * ,
#.# ##. #........ * * ,
#.# #..##†....... , #.#
#.#@gJ....>.. , #.#
#.#†####....., , #.#
#)#.# * ... , * #.#
#.#.# * . ########.#
#.#.##
.........#####....####
* ,
########..............#
#.♣####..........###.#,
* ♣.♣..#.#######.## * ,
,,


You could see an endoplasm and a hobgoblin.

Vanquished Creatures
  A bat (D:1)
  2 giant cockroaches (D:1)
  A rat (D:1)
4 creatures vanquished.

Notes
Turn   | Place    | Note
-------+----------+-------------------------------------------
     0 | D:1      | buhh the Meteoran Transmuter began the quest for the Orb.
     0 | D:1      | Reached XP level 1. HP: 16/16 MP: 5/5
    44 | D:1      | Reached XP level 2. HP: 1/23 MP: 4/6
    44 | D:1      | Slain by a hobgoblin

Illustrated notes

Levels and vault maps discovered:
D:1:      pf_arrival_petrified_forest, layout_loops_ring,
          chequers_ecumenical_altar_simple, serial_park_tiny_1,
          chequers_mini_garden, amcnicky_mini_pool_small, corexii_hall_statues_i

Action                   || total
-------------------------++-------
Melee: Unarmed           ||    13
       Kick              ||     3
 Cast: Beastly Appendage ||     2
Armor: Robe              ||     8
Dodge: Dodged            ||    12

Table legend: (Time is in decaauts)
 A = Elapsed time spent in this place.
 B = Non-inter-level travel time spent in this place.
 C = Inter-level travel time spent in this place.
 D = Time resting spent in this place.
 E = Time spent auto-exploring this place.
 F = Levels seen in this place.
 G = Mean time per level.
                   A        B        C        D        E       F      G
               +--------+--------+--------+--------+--------+-----+--------+
         Total |     43 |     43 |      0 |      0 |     20 |   1 |   43.0 |
       Dungeon |     43 |     43 |      0 |      0 |     20 |   1 |   43.0 |
               +--------+--------+--------+--------+--------+-----+--------+

Top non-repeatable levels by time:
     D:1: 43 daAuts
